Map: Solaris LE

Players

Kuwabara

  • Race: Protoss Protoss
  • League: Diamond
  • Spawn Location: 7:00

SubN - Winner!

  • Race: Zerg Zerg
  • League: Diamond
  • Spawn Location: 1:00

VOD

Have the link to the VOD?

Description

Time

  • Played on: Jan. 22, 2024, 12:10 p.m.
  • Length: 11:30
Show
View Real Time Build Order
Export as new Build Order

Kuwabara Protoss 

Build Orders: Zealot Archon, Archon Drop 

Get SALT Encoding   

  12  0:00  Probe  
  13  0:12  Probe  
  14  0:19  Pylon  
  14  0:24  Probe  
  15  0:37  Probe (Chrono Boost)  
  15  0:42  Gateway  
  16  0:49  Probe (Chrono Boost), Assimilator  
  17  0:57  Probe (Chrono Boost)  
  18  1:14  Probe  
  19  1:27  Probe  
  20  1:34  Cybernetics Core  
  20  1:36  Gateway  
  20  1:45  Nexus  
  20  1:49  Probe  
  21  1:54  Assimilator  
  21  2:02  Probe  
  21  2:06  Pylon  
  22  2:15  Warp Gate  
  22  2:19  Probe  
  23  2:24  Stalker (Chrono Boost)  
  23  2:28  Shield Battery  
  25  2:31  Probe  
  25  2:43  Probe, Zealot (Chrono Boost)  
  28  2:46  Stalker (Chrono Boost)  
  30  3:00  Probe  
  31  3:08  Stalker  
  33  3:22  Stalker  
  33  3:23  Probe x2  
  37  3:28  Twilight Council  
  37  3:35  Probe x2  
  39  3:47  Probe  
  39  3:48  Probe  
  41  3:59  Charge (Chrono Boost)  
  41  4:00  Probe (Chrono Boost)  
  41  4:01  Probe (Chrono Boost)  
  43  4:08  Pylon  
  43  4:12  Probe (Chrono Boost)  
  43  4:15  Forge  
  45  4:17  Probe (Chrono Boost)  
  45  4:19  Probe (Chrono Boost)  
  45  4:24  Pylon  
  46  4:26  Probe  
  46  4:27  Pylon  
  46  4:28  Zealot x2  
  46  4:30  Probe  
  52  4:40  Robotics Facility  
  52  4:41  Templar Archives  
  52  4:44  Probe (Chrono Boost)  
  53  4:45  Assimilator  
  53  4:48  Assimilator  
  53  4:49  Probe (Chrono Boost)  
  54  4:54  Zealot  
  54  4:57  Zealot  
  54  4:59  Probe (Chrono Boost)  
  59  5:00  Protoss Ground Weapons Level 1  
  59  5:05  Pylon  
  60  5:08  Probe x2 (Chrono Boost)  
  61  5:19  Probe (Chrono Boost)  
  62  5:21  Gateway  
  62  5:22  Probe (Chrono Boost)  
  62  5:23  Gateway, Probe (Chrono Boost)  
  64  5:29  High Templar  
  64  5:34  High Templar  
  67  5:36  Pylon  
  67  5:38  Archon  
  67  5:42  Shield Battery  
  67  5:47  Shield Battery  
  67  5:48  Pylon, Probe x2  
  69  5:54  Blink  
  69  5:56  Warp Prism  
  71  6:07  Pylon  
  71  6:08  High Templar  
  73  6:16  High Templar  
  73  6:18  Zealot x2  
  79  6:26  Archon  
  79  6:31  Gateway  
  79  6:33  Gateway  
  79  6:57  Zealot x4  
  87  7:02  Nexus  
  87  7:03  Pylon  
  87  7:04  Pylon  
  87  7:06  Protoss Ground Armor Level 1 (Chrono Boost)  
  87  7:15  Observer, Probe x2  
  90  7:22  Zealot x3  
  96  7:23  Zealot  
  96  7:27  Probe  
  99  7:38  Probe  
  99  7:39  Probe  
  101  7:48  High Templar  
  101  7:49  High Templar x3  
  101  7:50  Probe, Zealot  
  110  7:55  Probe  
  110  7:57  Photon Cannon  
  103  8:01  Pylon  
  103  8:02  Probe  
  103  8:04  Archon x2  
  102  8:07  Probe  
  103  8:14  Probe  
  104  8:24  Zealot x6  
  104  8:26  Probe x2  
  118  8:31  Gateway  
  118  8:33  Gateway, Probe  
  119  8:34  Gateway  
  119  8:36  Gateway  
  119  8:38  Shield Battery, Probe  
  77  8:57  Stalker  
  77  8:58  Stalker x5  
  81  9:21  Zealot x6  
  83  9:26  Probe x3  
  76  9:34  Assimilator  
  76  9:37  Assimilator  
  76  9:38  Probe, Zealot x4  
  73  9:43  Immortal (Chrono Boost)  
  77  9:55  Stalker  
  77  9:56  Stalker x2  
  83  10:09  Zealot x6  
  89  10:18  Immortal (Chrono Boost)  
  79  10:25  High Templar  
  79  10:26  High Templar x2  
  79  10:27  High Templar  
  80  10:31  Zealot x5  
  86  10:37  Archon x2  
  86  10:40  Stalker  
  74  10:53  Immortal (Chrono Boost)  
  70  10:58  Zealot x5  
  70  10:59  Zealot  
  75  11:07  Probe x3  
  75  11:11  Zealot x3  
  66  11:23  Zealot  
  66  11:24  Zealot x4  
Show
View Real Time Build Order
Export as new Build Order

SubN Zerg - Winner!

Build Orders: Pool First 

Get SALT Encoding   

  12  0:00  Drone  
  13  0:12  Overlord  
  13  0:18  Drone  
  14  0:30  Drone x2  
  14  0:34  Drone  
  17  0:45  Spawning Pool  
  16  1:08  Hatchery  
  16  1:18  Drone x3  
  18  1:32  Drone  
  19  1:36  Queen  
  19  1:39  Extractor  
  20  1:45  Zergling x2  
  21  1:52  Drone  
  22  2:02  Overlord  
  22  2:19  Queen  
  22  2:20  Zergling x4  
  26  2:22  Queen  
  26  2:25  Drone  
  29  2:37  Drone x2  
  31  2:45  Zergling x8  
  31  2:48  Zergling x2  
  35  3:07  Drone  
  35  3:08  Overlord  
  35  3:10  Overlord  
  36  3:24  Metabolic Boost  
  36  3:25  Queen x2  
  40  3:36  Drone x2  
  40  3:41  Overlord  
  42  3:42  Hatchery  
  41  3:52  Drone x3  
  44  4:02  Drone, Roach Warren  
  44  4:10  Lair  
  44  4:12  Overlord  
  44  4:24  Overlord  
  44  4:25  Overlord  
  44  4:30  Queen  
  46  4:32  Drone x2  
  46  4:36  Overlord  
  48  4:38  Drone  
  48  4:40  Drone  
  48  4:43  Drone  
  52  4:45  Drone  
  52  4:47  Drone  
  52  4:51  Overlord  
  53  4:53  Drone  
  53  4:59  Drone x2  
  57  5:00  Drone  
  57  5:05  Queen  
  59  5:08  Glial Reconstitution  
  59  5:17  Extractor x2, Queen  
  59  5:19  Drone x2  
  59  5:20  Drone  
  62  5:32  Drone x7  
  62  5:33  Drone  
  70  5:38  Drone x3  
  70  5:39  Drone  
  74  5:56  Roach x7  
  88  6:16  Spire  
  87  6:19  Drone x3  
  87  6:20  Overlord x3  
  87  6:21  Overlord x2  
  87  6:24  Overseer  
  90  6:26  Overseer  
  90  6:27  Extractor  
  90  6:30  Drone  
  90  6:40  Drone x2  
  90  6:41  Baneling Nest  
  91  6:47  Ravager  
  91  6:48  Ravager x2, Evolution Chamber  
  91  6:50  Evolution Chamber  
  92  6:58  Roach  
  92  6:59  Roach x3  
  99  7:04  Ravager  
  100  7:13  Zergling x10  
  100  7:14  Zergling x16  
  110  7:27  Ravager  
  110  7:28  Ravager x2  
  101  7:30  Zergling x2  
  101  7:31  Zergling x6  
  101  7:33  Baneling  
  101  7:34  Baneling x2  
  101  7:35  Baneling  
  105  7:37  Baneling  
  105  7:39  Baneling  
  99  7:56  Baneling x6  
  93  8:04  Centrifugal Hooks  
  93  8:06  Zergling x24  
  93  8:07  Zergling x2  
  93  8:08  Queen  
  93  8:11  Extractor  
  107  8:13  Zerg Missile Weapons Level 1  
  107  8:18  Queen  
  108  8:35  Ravager  
  108  8:37  Roach  
  108  8:38  Roach x3  
  96  8:53  Zergling x22  
  96  8:54  Zergling x2  
  101  9:01  Zerg Melee Weapons Level 1  
  93  9:11  Roach x6  
  93  9:15  Hatchery  
  93  9:28  Roach  
  93  9:29  Roach x8  
  109  9:35  Zerg Flyer Weapons Level 1  
  109  9:36  Mutalisk  
  109  9:37  Mutalisk  
  106  9:42  Zergling x10  
  111  9:47  Drone  
  111  9:50  Extractor  
  111  9:55  Zergling x4  
  111  9:59  Ravager x5  
  116  10:07  Zergling x10  
  116  10:08  Zergling x2  
  115  10:14  Zergling x2  
  115  10:15  Zergling x10  
  112  10:37  Zergling x2  
  112  10:38  Zergling x18  
  121  10:43  Mutalisk x2  
  114  11:04  Zergling x4  
  114  11:05  Zergling x16  
Tags
 
Composition
Zealot Archon
Matchup
PvZ
Opening
Pool First
Replay Pack
2025 replay dump
Spawn Locations
Cross Positions
Strategy
Archon Drop
Add a new tag
Caveats
  • Supply blocks, unpowered buildings, or Contaminate may cause inaccurate times.
  • Supply counts are checked every 10 seconds.